AoeStats
← qali

Highland

506259286Analyzed
2v2 RM · 19d ago on Sep 12, 2026· 107m 36s· 4 players
Game mode
Random Map
Map size
Medium (4 player)
Population
200
Speed
Normal
Resources
Standard
Victory
Conquest
Starting age
Dark Age
Ending age
Imperial Age
RankedLock teamsTeams togetherTeam positionsShared explorationLock speedFull tech treeHidden civsTurbo modeCheats
Victory
Defeat
🇹🇷 Malay · Türkiye
459
+18
🇹🇷 Britons · Türkiye
430
+19
🇲🇽 Vikings · Mexico
518
-19
🇲🇽 Portuguese · Mexico
476
-18
Metehan
9:44 Feudal Age
20:25 Fishing Lines
25:18 Castle Age
27:49 Yeomen
31:00 Wheelbarrow
31:31 Fletching
31:42 Padded Archer Armor
35:04 Hand Cart
35:22 Leather Archer Armor
35:02 Bodkin Arrow
40:57 Imperial Age
41:01 Elite Longbowman
48:26 Ring Archer Armor
47:56 Bracer
55:52 Warwolf
qali
9:42 Loom
13:31 Feudal Age
14:50 Wheelbarrow
14:10 Double-Bit Axe
17:46 Town Watch
17:54 Fishing Lines
24:01 Castle Age
26:33 Thalassocracy
35:10 Fletching
35:30 Forging
35:26 Scale Barding Armor
36:51 Medium Warships
39:28 Siphons
39:36 Clinker Construction
39:38 Careening
39:50 Ballistics
39:26 Murder Holes
39:41 Masonry
39:12 Treadmill Crane
43:08 Bow Saw
43:38 Iron Casting
42:58 Bodkin Arrow
42:57 Gold Mining
42:59 Stone Mining
43:07 Heated Shot
44:58 Hand Cart
44:43 Town Patrol
51:43 Gold Shaft Mining
53:46 Imperial Age
53:03 Elite Karambit Warrior
53:44 Forced Levy
56:29 Chemistry
56:56 Blast Furnace
55:56 Bracer
56:12 Squires
55:57 Arson
55:34 Man-at-Arms
56:58 Conscription
57:43 Long Swordsman
58:35 Two-Handed Swordsman
64:21 Elite Cannon Galleon
68:12 Caravan
72:18 Pikeman
78:46 Halberdier
89:08 Bombard Tower
aalaan50
0:32 Loom
0:37 Loom
12:15 Feudal Age
14:45 Double-Bit Axe
17:20 Gold Mining
17:20 Stone Mining
18:07 Horse Collar
18:19 Man-at-Arms
19:05 Town Watch
19:12 Arson
19:42 Forging
19:32 Scale Mail Armor
21:01 Fletching
24:42 Castle Age
24:45 Long Swordsman
25:27 Squires
26:07 Iron Casting
25:48 Chain Mail Armor
25:58 Gambesons
26:48 Pikeman
27:32 Town Patrol
29:05 Gold Shaft Mining
33:01 Imperial Age
34:24 Plate Mail Armor
34:54 Blast Furnace
34:59 Murder Holes
35:17 Careening
35:18 Clinker Construction
35:45 Bow Saw
35:53 Two-Handed Swordsman
37:02 Fortified Wall
37:45 Conscription
38:11 Hoardings
39:06 Siphons
39:19 Bodkin Arrow
39:47 Ballistics
42:14 Medium Warships
41:31 Elite Longship
44:01 Heavy Plow
43:28 Crossbowman
44:24 Guard Tower
46:43 Arrowslits
55:50 Chemistry
55:03 Masonry
55:00 Siege Engineers
55:16 Carvel Hull
58:50 Capped Ram
59:36 Light Cavalry
60:29 Scale Barding Armor
65:06 Elite Berserk
74:13 Architecture
73:36 Heated Shot
74:07 Dry Dock
75:58 Heated Shot
77:32 Siege Ram
85:56 Champion
86:39 Chieftains
90:29 Two-Man Saw
104:57 Cavalier
j03maga
2:20 Loom
15:05 Feudal Age
17:30 Double-Bit Axe
19:45 Wheelbarrow
19:10 Gold Mining
19:16 Fishing Lines
22:14 Horse Collar
26:40 Stone Mining
30:36 Castle Age
31:51 Coinage
32:50 Stone Shaft Mining
32:35 Hand Cart
32:36 Bow Saw
34:05 Elite Skirmisher
34:51 Thumb Ring
36:52 Heavy Plow
38:40 Ballistics
38:57 Caravan
41:26 Forging
41:14 Fletching
41:26 Padded Archer Armor
41:29 Scale Mail Armor
42:14 Heated Shot
44:33 Iron Casting
44:15 Leather Archer Armor
49:35 Imperial Age
47:05 Pikeman
47:32 Gambesons
50:34 Halberdier
50:42 Capped Ram
51:01 Elite Organ Gun
52:04 Conscription
52:57 Arquebus
56:10 Blast Furnace
56:23 Chain Mail Armor
62:17 Chemistry
60:45 Cavalier
61:26 Husbandry
61:39 Bloodlines
60:55 Light Cavalry
63:04 Scale Barding Armor
63:59 Chain Barding Armor
64:12 Plate Mail Armor
64:42 Crop Rotation
67:37 Plate Barding Armor
101:37 Banking
Connection lost

Rejoining the realm…

Still unreachable

The connection could not be restored.

Session expired

The server has moved on; the page needs a fresh start.